 Dungeon Crawl Stone Soup version 0.25-a0-464-g3004169 (webtiles) character file.

Game seed: 2851257731975401783, levelgen mode: deterministic

1290 silenth the Martial Artist (level 8, -6/63 HPs)
             Began as a Vampire Monk on Feb 4, 2020.
             Was a Believer of Ru.
             Blown up by Maurice (15 damage)
             ... with a disintegration bolt
             ... on level 8 of the Dungeon.
             The game lasted 00:08:41 (6126 turns).

silenth the Martial Artist (Vampire Monk)           Turns: 6126, Time: 00:08:42

Health: -6/63      AC: 12    Str: 13    XL:     8   Next: 30%
Magic:  8/10       EV: 15    Int: 12    God:    Ru [**....]
Gold:   400        SH:  0    Dex: 24    Spells: 7/7 levels left

rFire    . . .     SeeInvis +     - Unarmed
rCold    + . .     Gourm    .   (no shield)
rNeg     . . .     Faith    .   f - +2 ring mail {rC+}
rPois    .         Spirit   .   x - +0 helmet
rElec    .         Reflect  .   m - +1 cloak
rCorr    .         Harm     .   s - +0 pair of gloves
MR       .....                  (no boots)
Stlth    ++........             j - amulet of rage
HPRegen  0.40/turn              b - +5 ring of dexterity
MPRegen  0.12/turn              u - +2 ring of dexterity

@: regenerating quickly
A: no food, fangs 3, see invisible, unbreathing, inexperienced 1
a: Exsanguinate, Renounce Religion, Evoke Berserk Rage


You were on level 8 of the Dungeon.
You worshipped Ru.
Ru was pleased with you.
You were alive.

You visited 2 branches of the dungeon, and saw 9 of its levels.

You collected 400 gold pieces.

Inventory:

Armour
 a - a +0 robe
 f - a +2 ring mail of cold resistance (worn)
 m - a +1 cloak (worn)
 o - +0 swamp dragon scales
 s - a +0 pair of gloves (worn)
 x - a +0 helmet (worn)
Jewellery
 b - a +5 ring of dexterity (left hand)
 j - an amulet of rage (around neck)
 u - a +2 ring of dexterity (right hand)
Wands
 h - a wand of acid (7)
 t - a wand of clouds (3)
Scrolls
 e - a scroll of amnesia
 g - 2 scrolls of teleportation
 i - a scroll of identify
 r - 6 scrolls of remove curse
Potions
 c - a potion of berserk rage
 d - 2 potions of curing
 k - 2 potions of heal wounds
 l - a potion of lignification
 n - 2 potions of brilliance
 p - a potion of cancellation
 q - a potion of invisibility
 v - a potion of flight
 w - a potion of might


   Skills:
 + Level 5.4 Fighting
 + Level 3.6 Armour
 + Level 6.2 Dodging
 - Level 3.0 Stealth
 + Level 12.9 Unarmed Combat
 + Level 2.9 Evocations


You had 7 spell levels left.
You didn't know any spells.
Your spell library contained the following spells:

 Spells                   Type           Power        Failure   Level  Hunger
 Bolt of Magma            Conj/Fire/Erth #.........   100%        5    N/A
 Iskenderun's Battlesphe  Conj/Chrm      #.......     100%        5    N/A
 Iron Shot                Conj/Erth      #.........   100%        6    N/A
 Orb of Destruction       Conj           #.........   100%        7    N/A
 Spellforged Servitor     Conj/Summ      #.........   100%        7    N/A

Dungeon Overview and Level Annotations

Branches:
Dungeon (8/15)             Temple (1/1) D:5
   Lair: D:8-11

Altars:
Ashenzari
Cheibriados
Dithmenos
Elyvilon
Fedhas
Gozag
Hepliaklqana
Kikubaaqudgha
Makhleb
Nemelex Xobeh
Okawaru
Qazlal
Ru
Sif Muna
Trog
Uskayaw
Vehumet
Wu Jian
Xom
Yredelemnul
Zin
The Shining One

Shops:
D:6 (   D:7 }(:

Annotations:
D:4 3 runed translucent doors, Fashion's ghost, amateur DEFE
D:8 Maurice


Innate Abilities, Weirdness & Mutations

You do not eat.
Your natural rate of healing is unusually fast.
You have razor-sharp teeth.
You have supernaturally acute eyesight. (SInv)
You can survive without breathing.
You are somewhat inexperienced. (-2 XL)


Message History

Maurice is moderately wounded.
Maurice gestures wildly while chanting.
Maurice puts on a burst of speed!
You hit Maurice.
Maurice is moderately wounded.
Maurice hits you but does no damage.
You punch Maurice! You bite Maurice.
Maurice is heavily wounded.
You hit Maurice but do no damage.
Maurice is heavily wounded.
Maurice hits you but does no damage.
You punch Maurice!
Maurice is severely wounded.
Maurice says, "Have you got some gold to spare?"
Maurice zaps a wand.
You are blasted!
* * * LOW HITPOINT WARNING * * *
You punch Maurice!
Maurice is almost dead.
Maurice zaps a wand.
You are blasted!
You die...

..#.........#.##......
###............##......
.'....................
#...........##.......
#.....(......#.......
#......).....#.##....
#............#.##....
#............#.......
#..@@.......##..[....
##)###...............
[.. ##########......
.(..> #...... .......
#...... ....... .......
.......


You could see Maurice.

Vanquished Creatures
  A two-headed ogre (D:8)
  Menkaure (D:4)
  A water moccasin (D:6)
  An orc warrior (D:6)
  A sky beast (D:8)
  4 ice beasts
  5 ogres
  5 centaurs
  A bullfrog (D:7)
  An electric eel (D:6)
  Crazy Yiuf (D:7)
  3 hounds
  An orc priest (D:4)
  A centaur skeleton (D:5)
  4 iguanas
  5 orc wizards
  2 worker ants
  A hound zombie (D:5)
  A worker ant zombie (D:5)
  3 gnolls (D:6)
  11 adders
  A shadow imp (D:6)
  An ooze (D:2)
  An adder skeleton (D:4)
  An adder zombie (D:6)
  2 worms (D:3)
  A dart slug (D:1)
  3 leopard geckos
  22 orcs
  4 ball pythons
  5 bats
  3 giant cockroaches
  3 goblins
  4 hobgoblins
  4 kobolds
  4 quokkas
  7 frilled lizards
  A jackal zombie (D:5)
  A leopard gecko skeleton (D:5)
  6 rats
128 creatures vanquished.

Vanquished Creatures (others)
  A wizard (D:5)
1 creature vanquished.

Grand Total: 129 creatures vanquished

Notes
Turn   | Place    | Note
-------+----------+-------------------------------------------
     0 | D:1      | silenth the Vampire Monk began the quest for the Orb.
     0 | D:1      | Reached XP level 1. HP: 17/17 MP: 1/1
   130 | D:1      | Reached XP level 2. HP: 23/23 MP: 2/2
   268 | D:1      | Reached skill level 4 in Unarmed Combat
   305 | D:1      | Reached skill level 3 in Fighting
   599 | D:2      | Reached XP level 3. HP: 22/29 MP: 3/3
  1279 | D:3      | Reached skill level 12 in Unarmed Combat
  1279 | D:3      | Reached XP level 4. HP: 35/35 MP: 4/4
  1297 | D:3      | Reached XP level 5. HP: 37/41 MP: 5/5
  2122 | D:4      | Noticed an ogre
  2131 | D:4      | Killed an ogre
  2131 | D:4      | Reached skill level 1 in Evocations
  2131 | D:4      | Reached XP level 6. HP: 31/47 MP: 6/6
  2193 | D:4      | Noticed Menkaure
  2201 | D:4      | Killed Menkaure
  2204 | D:4      | Reached skill level 1 in Armour
  2371 | D:4      | Found a runed translucent gate.
  2371 | D:4      | Found a runed translucent gate.
  2371 | D:4      | Found a runed translucent gate.
  2375 | D:4      | Reached XP level 7. HP: 52/53 MP: 8/8
  2503 | D:4      | Noticed Fashion's ghost (amateur DEFE)
  2598 | D:4      | Reached skill level 4 in Dodging
  2788 | D:4      | Found an ornate altar of the Wu Jian Council.
  2788 | D:4      | Found a shimmering blue altar of Sif Muna.
  2900 | D:5      | Entered Level 5 of the Dungeon
  3087 | D:5      | Found a bloodstained altar of Trog.
  3250 | D:5      | Found a blossoming altar of Fedhas.
  3405 | D:5      | Reached skill level 4 in Fighting
  3408 | D:5      | Found a staircase to the Ecumenical Temple.
  3425 | Temple   | Entered the Ecumenical Temple
  3686 | D:5      | Reached skill level 2 in Evocations
  4046 | D:5      | Reached XP level 8. HP: 59/60 MP: 9/9
  4056 | D:5      | Reached skill level 2 in Armour
  4087 | D:5      | Found an iron altar of Okawaru.
  4234 | D:5      | Noticed a wizard
  4237 | D:5      | Killed a wizard
  4431 | D:6      | Reached skill level 5 in Dodging
  4698 | D:6      | Found Aroag's Antique Weapon Boutique.
  4963 | D:6      | Reached skill level 5 in Fighting
  4963 | D:6      | Reached skill level 3 in Armour
  5117 | D:7      | Reached XP level 9. HP: 54/68 MP: 10/10
  5226 | D:7      | Found a runed translucent door.
  5227 | D:7      | Noticed Crazy Yiuf
  5379 | D:7      | Found Jatuxkei's Book Boutique.
  5435 | D:7      | Found Cafe's Weapon Shoppe.
  5562 | D:7      | Found Jeamarul's Gadget Boutique.
  5937 | D:7      | Killed Crazy Yiuf
  6019 | D:8      | Found a sacrificial altar of Ru.
  6071 | D:8      | Became a worshipper of Ru the Awakened
  6089 | D:8      | Gained mutation: You are somewhat inexperienced. (-2 XL)
                  | [Ru sacrifice]
  6089 | D:8      | Reached XP level 8. HP: 62/62 MP: 9/9
  6089 | D:8      | Reached XP level 7. HP: 56/56 MP: 8/8
  6089 | D:8      | Reached * piety under Ru
  6089 | D:8      | Reached ** piety under Ru
  6109 | D:8      | Noticed a two-headed ogre
  6111 | D:8      | Noticed Maurice
  6119 | D:8      | Killed a two-headed ogre
  6119 | D:8      | Reached skill level 6 in Dodging
  6119 | D:8      | Reached XP level 8. HP: 21/63 MP: 8/10
  6126 | D:8      | Blown up by Maurice

Levels and vault maps discovered:
D:1:      sevenhm_arrival_forest_fort_small_3, layout_rooms,
          nrook_loot_triangle, minmay_cut_off
D:2:      layout_loops_ring
D:3:      layout_loops_corners
D:4:      layout_loops_ring, gammafunk_temple_overflow_elements,
          gammafunk_ghost_icy, uniq_menkaure
D:5:      layout_layer_cave, fedhas_bush_and_centaur_altar,
          minmay_temple_entry_statues_pillars, basic_altar, first_ration,
          roderic_serpentine_path, trog_wizard
D:6:      layout_rooms, serial_shops, shop_fountains, serial_bayou_lake_a
D:7:      layout_layer_cave, serial_shops, nicolae_shop_stone, kennysheep_mini,
          nicolae_shop_window_shopping, hangedman_decor_growths,
          uniq_crazy_yiuf_cottage
D:8:      layout_basic, lemuel_crystal_altar, hangedman_ranch
          [blue_anna_fruit_fields], uniq_maurice, uniq_grum
Temple:   regret_index_temple_mists

Skill      XL: |  1  2  3  4  5  6  7  8 |
---------------+-------------------------+-----
Unarmed Combat | 4 12 | 12.9
Fighting       | 3 4 5 |  5.4
Evocations     | 1 2 |  2.9
Armour         | 1 3 |  3.6
Dodging        | 6 5 |  6.2
Stealth        | |  3.0

Action                   |  1- 3 |  4- 6 |  7- 9 || total
-------------------------+-------+-------+-------++-------
Melee: Unarmed           |   108 |    78 |   235 ||   421
       Punch             |     2 |     3 |    16 ||    21
       Bite              |     8 |     9 |    35 ||    52
Invok: Sacrifice Experie |       |       |     1 ||     1
 Abil: Evoke Berserk Rag |       |     1 |       ||     1
Evoke: Wand              |       |       |     2 ||     2
  Use: Scroll            |     2 |       |    18 ||    20
       Potion            |     1 |       |       ||     1
 Stab: Sleeping          |     2 |     4 |     7 ||    13
       Distracted        |       |       |     1 ||     1
Armor: Robe              |     8 |     2 |       ||    10
       Ring mail         |       |    19 |    57 ||    76
Dodge: Dodged            |    84 |    30 |   123 ||   237

Table legend:
 A = Non-vault XP
 B = Vault XP
 C = Vault XP percentage of total XP
 D = Non-vault monster count
 E = Vault monster count
 F = Vault count percentage of total count
                 A         B        C        D         E       F
            +---------+---------+-------+---------+---------+-------
      Total |    4021 |     345 |   7.9 |     120 |       8 |   6.2
            +---------+---------+-------+---------+---------+-------
        D:1 |      22 |      10 |  31.2 |      12 |       5 |  29.4
        D:2 |      55 |       0 |   0.0 |       9 |       0 |   0.0
        D:3 |     106 |       0 |   0.0 |      27 |       0 |   0.0
        D:4 |     345 |     183 |  34.7 |      16 |       1 |   5.9
        D:5 |     922 |     110 |  10.7 |      22 |       1 |   4.3
        D:6 |     890 |       0 |   0.0 |      17 |       0 |   0.0
        D:7 |     591 |      42 |   6.6 |      13 |       1 |   7.1
        D:8 |    1090 |       0 |   0.0 |       4 |       0 |   0.0
            +---------+---------+-------+---------+---------+-------
